AoeStats
← sHeoG0ratH

Arena

508034048Analyzed
2v2 RM · 11d ago on Sep 20, 2026· 33m 22s· 4 players
Game mode
Random Map
Map size
Medium (4 player)
Population
200
Speed
Normal
Resources
Standard
Victory
Conquest
Starting age
Dark Age
Ending age
Imperial Age
RankedLock teamsTeams togetherTeam positionsShared explorationLock speedFull tech treeHidden civsTurbo modeCheats
Victory
Defeat
🇦🇷 Shu · Argentina
1706
+14
🇩🇪 Cumans · Germany
1643
+17
🇹🇼 Portuguese · Taiwan
1669
-16
🇹🇼 Japanese · Taiwan
1660
-15
sHeoG0ratH
8:05 Feudal Age
8:46 Double-Bit Axe
9:10 Horse Collar
10:12 Loom
15:11 Wheelbarrow
19:29 Castle Age
17:44 Gold Mining
17:48 Stone Mining
19:12 Forging
19:31 Scale Barding Armor
19:25 Gold Mining
21:25 Heavy Plow
22:40 Bloodlines
23:22 Capped Ram
23:28 Capped Ram
26:20 Bow Saw
26:30 Fletching
27:06 Bodkin Arrow
29:48 Ballistics
30:32 Scale Barding Armor
31:15 Iron Casting
31:34 Hand Cart
36:21 Imperial Age
the best BO's
10:37 Feudal Age
14:26 Castle Age
12:28 Double-Bit Axe
12:53 Horse Collar
15:52 Bow Saw
16:53 Loom
26:01 Imperial Age
25:05 Wheelbarrow
24:57 Fletching
25:12 Gold Mining
25:29 Heavy Plow
25:41 Town Watch
26:15 Masonry
26:14 Stone Mining
28:25 Architecture
29:15 Hoardings
31:00 Bodkin Arrow
31:46 Crossbowman
33:26 Ballistics
33:27 Bracer
JB11FRANK
10:47 Feudal Age
12:13 Loom
14:48 Castle Age
12:41 Double-Bit Axe
13:14 Horse Collar
22:02 Wheelbarrow
23:11 Hand Cart
23:14 Bow Saw
26:04 Heavy Plow
27:58 Scale Mail Armor
28:45 Squires
AIGUN
10:06 Feudal Age
8:34 Loom
13:55 Castle Age
12:45 Double-Bit Axe
19:07 Bow Saw
25:14 Imperial Age
26:25 Wheelbarrow
26:42 Town Watch
30:43 Hand Cart
32:11 Chemistry
Connection lost

Rejoining the realm…

Still unreachable

The connection could not be restored.

Session expired

The server has moved on; the page needs a fresh start.